[Event "LAT-ch Women 2017"]
[Site "Riga"]
[Date "2017.10.05"]
[Round "1"]
[White "Krumina, Linda"]
[Black "Dombrovska, Stefanija"]
[Result "1-0"]
[ECO "D35"]
[WhiteElo "2096"]
[BlackElo "1673"]
[Annotator "NA RC"]
[PlyCount "67"]
[EventDate "2017.??.??"]
[EventType "swiss"]
[EventCountry "LAT"]
[SourceTitle "playchess.com"]
[Source "ChessBase"]
[SourceQuality "1"]
[TimeControl "5400+30"]

1. d4 d5 2. c4 e6 3. Nc3 Nf6 4. cxd5 exd5 5. Bg5 Be7 6. Qc2 Nc6 7. e3 a6 8. a3 Be6 9. Bd3 h6 10. Bh4 Nh5 11. Bxe7 Nxe7 12. Nf3 Nf6 13. O-O O-O 14. Na4 c6 15. Nc5 Bc8 16. b4 b6 17. Nb3 Bb7 18. Ne5 Qd6 19. Rac1 Rfc8 20. f4 Rc7 21. Qe2 Rcc8 22. g4 Ne4 23. Qg2 f6 24. Bxe4 fxe5 25. fxe5 Qd7 26. Bf5 Nxf5 27. gxf5 Rf8 28. f6 Rf7 29. Rf4 Raf8 30. Rcf1 Re8 31. Qg6 Kh8 32. fxg7+ Rxg7 33. Rf8+ Rg8 34. Qxg8# {[%emt 0:00:08] Kxg8} 1-0

[Event "LAT-ch Women 2017"]
[Site "Riga"]
[Date "2017.10.05"]
[Round "1"]
[White "Ungure, Liga"]
[Black "Zalcmane, Vija"]
[Result "1-0"]
[ECO "C55"]
[WhiteElo "1923"]
[BlackElo "1533"]
[Annotator "NA RC"]
[PlyCount "111"]
[EventDate "2017.??.??"]
[EventType "swiss"]
[EventCountry "LAT"]
[SourceTitle "playchess.com"]
[Source "ChessBase"]
[SourceQuality "1"]
[TimeControl "5400+30"]

1. e4 e5 2. Nf3 Nc6 3. Bc4 Nf6 4. d3 Be7 5. c3 d6 6. Nbd2 O-O 7. Qe2 Na5 8. Bb5 Bd7 9. Bxd7 Qxd7 10. Nf1 c5 11. Ng3 g6 12. Bh6 Rfe8 13. h3 b5 14. O-O Kh8 15. Nh2 Bf8 16. Bxf8 Rxf8 17. f4 exf4 18. Rxf4 Qe6 19. Qf2 Nd7 20. d4 Rac8 21. Nf3 a6 22. Ng5 Qe7 23. Nxf7+ Kg7 24. Rf1 Nc6 25. Nh5+ Kg8 26. Nh6+ Kh8 27. Rf7 Rxf7 28. Nxf7+ Kg8 29. Qg3 cxd4 30. Nxd6 Rf8 31. Nf5 Qc5 32. Kh1 dxc3 33. bxc3 Kh8 34. Rd1 Nf6 35. Nxf6 Rxf6 36. Nh6 Qf8 37. Ng4 Rf1+ 38. Rxf1 Qxf1+ 39. Kh2 Qf7 40. Qd6 Ne7 41. Nh6 Qf8 42. Ng4 Kg7 43. Qe5+ Kg8 44. Nf6+ Kf7 45. Nxh7 Qg7 46. Ng5+ Kg8 47. Qb8+ Qf8 48. Qxf8+ Kxf8 49. Ne6+ Kf7 50. Nc7 Nc8 51. Nxa6 Kf6 52. Kg3 Nd6 53. Kf4 g5+ 54. Kf3 Ke5 55. Nc5 Nc4 56. Nd3+ 1-0

[Event "LAT-ch Women 2017"]
[Site "Riga"]
[Date "2017.10.05"]
[Round "1"]
[White "Maklakova, Nellija"]
[Black "Ivanova, Katrina Telma"]
[Result "1-0"]
[ECO "A13"]
[WhiteElo "1800"]
[BlackElo "1306"]
[Annotator "NA RC"]
[PlyCount "47"]
[EventDate "2017.??.??"]
[EventType "swiss"]
[EventCountry "LAT"]
[SourceTitle "playchess.com"]
[Source "ChessBase"]
[SourceQuality "1"]
[TimeControl "5400+30"]

1. c4 e6 2. g3 d5 3. cxd5 exd5 4. Bg2 Nf6 5. Nf3 Be7 6. O-O Nc6 7. a3 O-O 8. b4 a6 9. Bb2 h6 10. d3 Be6 11. Nbd2 Rc8 12. Rc1 Re8 13. Nb3 Nh7 14. Nc5 Bxc5 15. Rxc5 Nf6 16. Qa1 Nh5 17. Rfc1 Kh7 18. b5 axb5 19. Rxb5 Ne7 20. Rxb7 c6 21. Bd4 Rg8 22. a4 Rc7 23. Rb3 Ra7 24. Bxa7 1-0

[Event "LAT-ch Women 2017"]
[Site "Riga"]
[Date "2017.10.05"]
[Round "1"]
[White "Osobskaja, Zinaida"]
[Black "Limanovska, Elizabete"]
[Result "0-1"]
[ECO "B50"]
[WhiteElo "1646"]
[BlackElo "1972"]
[Annotator "NA RC"]
[PlyCount "98"]
[EventDate "2017.??.??"]
[EventType "swiss"]
[EventCountry "LAT"]
[SourceTitle "playchess.com"]
[Source "ChessBase"]
[SourceQuality "1"]
[TimeControl "5400+30"]

1. e4 c5 2. Nf3 d6 3. c4 Nc6 4. d4 cxd4 5. Nxd4 g6 6. Nc3 Bg7 7. Be3 Nf6 8. h3 O-O 9. Rc1 Qa5 10. Bd3 Ne5 11. b3 Nxd3+ 12. Qxd3 Bd7 13. O-O Rfc8 14. Nde2 Bc6 15. a4 Nd7 16. Rb1 Qd8 17. Rfd1 Qe8 18. f3 Nc5 19. Qc2 a5 20. Nd5 Bxd5 21. Rxd5 Rc6 22. Nc3 e6 23. Rdd1 Na6 24. Nb5 d5 25. Qe2 dxc4 26. Nd6 Qe7 27. Nxc4 Nc5 28. Qd2 Nxb3 29. Rxb3 Rxc4 30. Qd7 Qxd7 31. Rxd7 Rb4 32. Rxb7 Bf8 33. R3xb4 axb4 34. Rb5 Rxa4 35. Rb8 Kg7 36. Bd4+ f6 37. Bxf6+ Kxf6 38. Rxf8+ Ke5 39. Kf2 Kd4 40. Rb8 Ra2+ 41. Kg3 Kc3 42. Rb6 b3 43. Rxe6 Ra4 44. Rc6+ Rc4 45. Rb6 Rb4 46. Rc6+ Kd2 47. Kf2 b2 48. Rd6+ Kc2 49. Rc6+ Kb3 0-1

[Event "LAT-ch Women 2017"]
[Site "Riga"]
[Date "2017.10.05"]
[Round "1"]
[White "Ter-Avetisjana, Agnesa Stepania"]
[Black "Parhomenko, Margarita"]
[Result "0-1"]
[ECO "B01"]
[WhiteElo "1319"]
[BlackElo "1919"]
[Annotator "NA RC"]
[PlyCount "126"]
[EventDate "2017.??.??"]
[EventType "swiss"]
[EventCountry "LAT"]
[SourceTitle "playchess.com"]
[Source "ChessBase"]
[SourceQuality "1"]
[TimeControl "5400+30"]

1. e4 d5 2. exd5 Qxd5 3. Nc3 Qa5 4. d4 Nf6 5. Nf3 c6 6. Bd2 Bg4 7. Ne4 Qc7 8. Nxf6+ gxf6 9. h3 Bh5 10. g4 Bg6 11. Nh4 Be4 12. Bg2 Bxg2 13. Nxg2 Nd7 14. Qf3 O-O-O 15. O-O-O Bg7 16. Qa3 Nb6 17. Qxa7 Nc4 18. Bc3 Rd5 19. b3 Nd6 20. Ne3 Nb5 21. Nxd5 cxd5 22. Qa8+ Kd7 23. Qa4 Qc6 24. Bb2 Rc8 25. b4 Bh6+ 26. Rd2 Bxd2+ 27. Kxd2 Nxd4 28. Qxc6+ Nxc6 29. a3 b5 30. Ke3 Nd8 31. c3 Nb7 32. Rd1 Ke6 33. f4 Rc4 34. Kf3 Re4 35. f5+ Kd6 36. Bc1 e5 37. fxe6 fxe6 38. Bf4+ e5 39. Bd2 Ke6 40. Rg1 Nd6 41. Bc1 Rc4 42. Bb2 Rf4+ 43. Kg3 Ne4+ 44. Kh4 Rf2 45. Rb1 Rh2 46. a4 bxa4 47. b5 Kd7 48. b6 Kc6 49. Ba3 Kb7 50. Be7 Rc2 51. Ra1 Rxc3 52. Rxa4 Kxb6 53. Bd8+ Kb5 54. Ra5+ Kc4 55. Ra4+ Kb3 56. Ra5 d4 57. Rb5+ Kc2 58. Ba5 Rf3 59. Rb7 Ng5 60. Rc7+ Kd1 61. Rc1+ Kxc1 62. Bd2+ Kxd2 63. Kh5 Rxh3# 0-1

[Event "LAT-ch Women 2017"]
[Site "Riga"]
[Date "2017.10.06"]
[Round "2"]
[White "Limanovska, Elizabete"]
[Black "Golsta, Ramona"]
[Result "1/2-1/2"]
[ECO "B30"]
[WhiteElo "1972"]
[BlackElo "1719"]
[Annotator "NA RC"]
[PlyCount "59"]
[EventDate "2017.??.??"]
[EventType "swiss"]
[EventCountry "LAT"]
[SourceTitle "playchess.com"]
[Source "ChessBase"]
[SourceQuality "1"]
[TimeControl "5400+30"]

1. e4 c5 2. Nf3 Nc6 3. Bb5 d6 4. O-O Bd7 5. Re1 Nf6 6. c3 a6 7. Bf1 Bg4 8. d4 cxd4 9. cxd4 e6 {[%emt 0:11:17] B51: Sicilian: Moscow Variation (3 Bb5+) without 3...Bd7} 10. d5 Ne5 11. dxe6 $146 ({Predecessor:} 11. Be2 Bxf3 12. Bxf3 {½-½ (12) Sax,G (2568)-Akopian,V (2705) Saint Vincent 2005}) 11... fxe6 12. Qb3 Bxf3 13. gxf3 Qd7 14. f4 Nc6 15. Bh3 Nd8 16. Nc3 Qf7 17. Kh1 Be7 18. Qa4+ Nc6 19. e5 dxe5 20. Rxe5 Rd8 21. Bxe6 Qg6 22. Bf5 Qh6 23. Re3 Qh4 24. Qc2 {[%emt 0:01:19] [#]} Nd4 $1 25. Qa4+ {[%emt 0:00:56] [#]} (25. Qd3 $17) 25... b5 $1 26. Qxa6 Qxf2 27. Bd3 ({Don't go for} 27. Bh3 $2 {[#]} Ng4 $1 $19 ) 27... Ng4 28. Rh3 Qe1+ 29. Kg2 Qf2+ $11 (29... Kf7 $19 30. Ne4 Ne2) 30. Kh1 1/2-1/2

[Event "LAT-ch Women 2017"]
[Site "Riga"]
[Date "2017.10.06"]
[Round "2"]
[White "Sarnovska, Eira"]
[Black "Ungure, Liga"]
[Result "0-1"]
[ECO "A05"]
[WhiteElo "1727"]
[BlackElo "1923"]
[Annotator "NA RC"]
[PlyCount "98"]
[EventDate "2017.??.??"]
[EventType "swiss"]
[EventCountry "LAT"]
[SourceTitle "playchess.com"]
[Source "ChessBase"]
[SourceQuality "1"]
[TimeControl "5400+30"]

1. Nf3 Nf6 2. g3 g6 3. Bg2 Bg7 4. c4 O-O 5. Nc3 d6 6. O-O e5 7. d3 Nc6 8. Rb1 h6 9. b4 a6 10. a4 {[%emt 0:04:13] A26: English Opening vs King's Indian with ...Nc6 and d3} Be6 (10... Ne7 11. Ba3 c6 12. c5 Re8 13. e4 Bg4 14. Qb3 Nd7 15. Nd2 Nc8 16. Qc2 Bf8 17. cxd6 Nxd6 {0-1 (56) Vachier Lagrave,M (2742)-Aronian,L (2795) Bilbao 2013}) 11. Qc2 $146 ({Predecessor:} 11. b5 axb5 12. axb5 Ne7 13. Bb2 Nd7 14. Nd2 c6 15. Ra1 Qc7 16. Qb1 Nb6 17. Qc2 f5 18. Nb3 c5 19. Ra5 e4 20. Rfa1 Rxa5 21. Nxa5 Kh7 22. dxe4 Nxc4 23. Nxc4 Bxc4 24. exf5 Nxf5 {0-1 (43) Zhao,X (2538)-Dzagnidze,N (2541) Lopota 2014}) 11... a5 12. b5 Nb4 13. Qd2 c5 14. Bb2 Nd7 15. Ne1 Rb8 16. f4 f5 17. Nc2 Nb6 18. e4 exf4 19. Rxf4 Qg5 20. Nxb4 axb4 21. Ne2 Nxa4 22. Bxg7 Kxg7 23. Qc2 Nb6 24. Ra1 Qf6 25. Qd1 g5 26. Rf1 Qe5 27. exf5 Bxf5 28. Qd2 Rbe8 29. Rae1 Qe3+ 30. Qxe3 Rxe3 31. Bxb7 (31. Nc1 $142 Rxe1 32. Rxe1) 31... Bxd3 32. Rxf8 Kxf8 33. Kf2 Rxe2+ 34. Rxe2 Bxe2 35. Kxe2 Nxc4 36. Kd3 Nb6 37. Be4 Ke7 38. g4 Kf6 39. Bh7 Ke5 40. Ke3 c4 41. Bf5 Kd5 42. Bg6 Kc5 43. Be8 Nd5+ $19 44. Kd2 Nc7 45. Bd7 Nxb5 46. Bf5 Nd4 47. Bg6 b3 48. Kc3 Nb5+ 49. Kb2 Kb4 0-1

[Event "LAT-ch Women 2017"]
[Site "Riga"]
[Date "2017.10.06"]
[Round "2"]
[White "Golsta, Madara"]
[Black "Vainovska, Valentina"]
[Result "0-1"]
[ECO "C48"]
[WhiteElo "1716"]
[BlackElo "1676"]
[Annotator "NA RC"]
[PlyCount "69"]
[EventDate "2017.??.??"]
[EventType "swiss"]
[EventCountry "LAT"]
[SourceTitle "playchess.com"]
[Source "ChessBase"]
[SourceQuality "1"]
[TimeControl "5400+30"]

1. e4 e5 2. Nf3 Nc6 3. Nc3 Nf6 4. Bb5 d6 5. d4 Bd7 6. d5 Ne7 7. Bc4 Ng6 8. h3 Be7 9. O-O O-O 10. Be3 a6 11. a4 Nh5 12. Bd3 Nhf4 13. Ne2 Nxd3 14. Qxd3 f5 15. exf5 Bxf5 16. Qc4 Bxh3 17. Ra3 Qd7 18. Nh2 Bf5 19. g4 b5 20. Qb4 Bxc2 21. a5 Nh4 22. Qd2 Bg6 23. Bg5 h6 24. Bxe7 Qxe7 25. Rc3 Rac8 26. Ng3 Rf4 27. Re1 Qf7 28. Rc6 Rd4 29. Qe3 Qxd5 30. f3 Qxc6 31. Qf2 Rf4 32. Re3 Rcf8 33. Rc3 Qd5 34. Rxc7 Nxf3+ 35. Nxf3 0-1

[Event "LAT-ch Women 2017"]
[Site "Riga"]
[Date "2017.10.06"]
[Round "2"]
[White "Ivanova, Katrina Telma"]
[Black "Osobskaja, Zinaida"]
[Result "0-1"]
[ECO "B42"]
[WhiteElo "1306"]
[BlackElo "1646"]
[Annotator "NA RC"]
[PlyCount "105"]
[EventDate "2017.??.??"]
[EventType "swiss"]
[EventCountry "LAT"]
[SourceTitle "playchess.com"]
[Source "ChessBase"]
[SourceQuality "1"]
[TimeControl "5400+30"]

1. e4 c5 2. Nf3 e6 3. d4 cxd4 4. Nxd4 a6 5. Bd3 Nc6 6. Nxc6 dxc6 7. O-O b5 8. a4 Bd7 9. axb5 axb5 10. Rxa8 Qxa8 11. e5 Ne7 12. Qe2 Nd5 13. c4 bxc4 14. Bxc4 Be7 15. Qg4 Kf8 16. Rd1 h5 17. Qf3 Qb8 18. Re1 g6 19. Nc3 Qb4 20. Bxd5 cxd5 21. Rd1 Qb8 22. Re1 Kg7 23. Qh3 Qc7 24. Qf3 Qc4 25. Qe2 Qxe2 26. Nxe2 Rb8 27. Nd4 Rb4 28. Nc2 Rc4 29. Ne3 Rb4 30. g3 Ba4 31. Kg2 f5 32. f4 Bc5 33. Nd1 Bc6 34. Kf1 d4 35. Nf2 Bb5+ 36. Kg2 Rb3 37. Rd1 d3 38. h3 Bd4 39. Rd2 Be3 40. Rd1 Bxc1 41. Rxc1 Rxb2 42. Rc7+ Kf8 43. Rc8+ Ke7 44. Rc7+ Kd8 45. Ra7 Re2 46. Ra1 Kc7 47. Rd1 d2 48. Rb1 Kc6 49. Ra1 Ba4 50. Rxa4 Rxf2+ 51. Kxf2 d1=Q 52. Rc4+ Kd5 53. Rc3 0-1

[Event "LAT-ch Women 2017"]
[Site "Riga"]
[Date "2017.10.07"]
[Round "3"]
[White "Krumina, Linda"]
[Black "Ungure, Liga"]
[Result "1-0"]
[ECO "E94"]
[WhiteElo "2096"]
[BlackElo "1923"]
[Annotator "NA RC"]
[PlyCount "73"]
[EventDate "2017.??.??"]
[EventType "swiss"]
[EventCountry "LAT"]
[SourceTitle "playchess.com"]
[Source "ChessBase"]
[SourceQuality "1"]
[TimeControl "5400+30"]

1. Nf3 Nf6 2. c4 g6 3. d4 Bg7 4. Nc3 O-O 5. e4 d6 6. Be2 e5 7. O-O exd4 8. Nxd4 Re8 9. f3 Nc6 10. Be3 Nh5 11. Nxc6 bxc6 12. Qd2 Qe7 13. Rad1 {[%emt 0:21:09] E94: King's Indian: Classical: 6 Be2 e5 7 0-0: Various Black 7th moves} f5 14. Bg5 (14. Rfe1 Nf6 15. Bd3 fxe4 16. Nxe4 Bf5 17. Nf2 Bxd3 18. Nxd3 Qf7 19. b3 a5 20. Qc2 Nd7 {1-0 (51) Lenderman,A (2582)-Naroditsky,D (2543) Saint Louis 2014}) 14... Nf6 15. c5 $146 ({Predecessor:} 15. Rfe1 fxe4 16. fxe4 Qe5 17. Bf4 Qc5+ 18. Be3 Qa5 19. Bf3 Ng4 20. Bd4 Ne5 21. Be2 {½-½ (43) Klaric,A (1840)-Plenkovic,Z (2346) Stobrec 2008}) 15... dxc5 (15... d5 $1 $11 {hält das Gleichgewicht.}) 16. exf5 Bxf5 17. Bc4+ Kh8 18. g4 Rad8 19. Qf4 Rd4 $1 20. Rxd4 cxd4 21. Ne4 Bxe4 22. fxe4 Rf8 23. e5 Nd5 24. Bxe7 Rxf4 25. Rxf4 Nxf4 {[%emt 0:00:11] [#]} 26. e6 $1 d3 {[%emt 0:10:34] [#]} 27. Bb4 $1 Bf6 $2 (27... Nxe6 28. Bxe6 Bxb2) 28. e7 Ne2+ 29. Kf1 Bxe7 30. Bxe7 Kg7 31. Bxd3 $18 Nf4 32. Be4 Nd5 33. Bc5 a6 34. g5 Kf7 35. h4 Ke6 36. Kf2 Ke5 37. Kf3 1-0

[Event "LAT-ch Women 2017"]
[Site "Riga"]
[Date "2017.10.07"]
[Round "3"]
[White "Maklakova, Nellija"]
[Black "Limanovska, Elizabete"]
[Result "1-0"]
[ECO "A17"]
[WhiteElo "1800"]
[BlackElo "1972"]
[Annotator "NA RC"]
[PlyCount "63"]
[EventDate "2017.??.??"]
[EventType "swiss"]
[EventCountry "LAT"]
[SourceTitle "playchess.com"]
[Source "ChessBase"]
[SourceQuality "1"]
[TimeControl "5400+30"]

1. c4 Nf6 2. Nc3 e6 3. g3 d5 4. cxd5 exd5 5. d4 c6 6. Bg2 Be7 7. Nf3 Bf5 8. O-O {[%emt 0:02:08] LiveBook: 8 Games} h6 9. a3 O-O 10. b4 {[%emt 0:02:31] A17: English Opening: 1...Nf6 with ...Bb4} (10. Nh4 Bh7 11. Bh3 Re8 12. Bf5 Nbd7 13. Bxh7+ Nxh7 14. Nf5 Bf8 15. f3 Qf6 16. e4 Qe6 17. g4 dxe4 18. fxe4 {½-½ (67) Pupke,P (2289)-Sarak,M (2243) GER email 2008}) 10... Ne4 11. Na4 $146 ({Predecessor:} 11. Bb2 a5 12. bxa5 Nd7 13. Nxe4 Bxe4 14. Bc3 Bd6 15. Nd2 Bxg2 16. Kxg2 Nf6 17. e3 Bc7 {½-½ (44) Bedic,Z (2186)-Gajic,M (2127) Croatia 2011}) 11... a5 12. Bd2 Nxd2 13. Qxd2 axb4 14. axb4 Nd7 15. Qf4 Bh7 16. Nc5 Rxa1 17. Rxa1 b6 18. Nxd7 Qxd7 19. Ne5 Qe6 20. Qc1 Rc8 21. Ra7 f6 22. Nd7 Bxb4 $2 {[%emt 0:01:51] [#]} (22... Rd8 $11 23. Nxb6 Rb8) 23. Nxb6 $2 (23. Bxd5 $1 $18 Qxd5 {[#]} (23... cxd5 24. Qxc8+) 24. Nxf6+ $1 gxf6 25. Qxh6) 23... Re8 {[%emt 0:01:35] [#]} (23... Rd8 $1 $14) 24. e3 $1 Bd3 $18 (24... Be4 $16) 25. Qd1 Bb5 26. Qh5 Kh7 27. Bh3 Be2 28. Bf5+ Kh8 29. Qg6 Qg8 30. Rxg7 Qxg7 31. Qxe8+ Qf8 32. Qxc6 1-0

[Event "LAT-ch Women 2017"]
[Site "Riga"]
[Date "2017.10.07"]
[Round "3"]
[White "Golsta, Madara"]
[Black "Lazdina, Ingrida"]
[Result "1/2-1/2"]
[ECO "C10"]
[WhiteElo "1716"]
[BlackElo "1937"]
[Annotator "NA RC"]
[PlyCount "63"]
[EventDate "2017.??.??"]
[EventType "swiss"]
[EventCountry "LAT"]
[SourceTitle "playchess.com"]
[Source "ChessBase"]
[SourceQuality "1"]
[TimeControl "5400+30"]

1. e4 e6 2. d4 d5 3. Nc3 dxe4 4. Nxe4 Nd7 5. Nf3 Ngf6 6. Ng3 Be7 7. Bd3 O-O 8. O-O c5 9. c3 Qc7 10. Be3 {[%emt 0:03:13] C10: French with 3 Nc3: Unusual Black 3rd moves and 3...dxe4} (10. Re1 b6 11. Qe2 Bb7 12. h4 Bxf3 13. Qxf3 cxd4 14. cxd4 Bd6 15. Ne4 Nxe4 16. Bxe4 Rac8 17. Be3 Qd8 18. g3 Nf6 19. Bg5 {½-½ (19) Kuchynka,L (2317)-Pala,V (2345) Czechia 2009}) 10... c4 $146 ({Predecessor:} 10... b6 11. Qd2 Bb7 12. Bf4 Bd6 13. Bxd6 Qxd6 14. Ng5 h6 15. N5e4 Qc7 16. dxc5 Nxe4 17. Bxe4 Bxe4 18. Nxe4 Nxc5 19. Nxc5 Qxc5 {1-0 (43) Denzinger,K (1705)-Luethi,M (1725) Weggis 2004}) 11. Bc2 b5 12. Qe2 Nd5 13. Rfe1 a5 14. a3 Ba6 15. Bg5 Bd6 16. Ne5 Nxe5 17. dxe5 Be7 18. Qh5 g6 19. Qh6 Bxg5 20. Qxg5 Qe7 21. Qh6 f5 22. exf6 Qxf6 23. Ne4 Qg7 24. Qxg7+ Kxg7 25. Nc5 Bc8 26. Nxe6+ Bxe6 27. Rxe6 Rfe8 28. Rae1 Rxe6 29. Rxe6 b4 30. Rc6 b3 31. Be4 Rd8 $1 32. g3 $11 1/2-1/2

[Event "LAT-ch Women 2017"]
[Site "Riga"]
[Date "2017.10.07"]
[Round "3"]
[White "Vainovska, Valentina"]
[Black "Parhomenko, Margarita"]
[Result "1/2-1/2"]
[ECO "A84"]
[WhiteElo "1676"]
[BlackElo "1919"]
[Annotator "NA RC"]
[PlyCount "116"]
[EventDate "2017.??.??"]
[EventType "swiss"]
[EventCountry "LAT"]
[SourceTitle "playchess.com"]
[Source "ChessBase"]
[SourceQuality "1"]
[TimeControl "5400+30"]

1. d4 f5 2. c4 e6 3. Nc3 Nf6 4. g3 c6 5. Bg2 d5 6. cxd5 exd5 {[%emt 0:01:00] LiveBook: 16 Games} 7. Nf3 Bd6 8. Bf4 {[%emt 0:05:17] A90: Dutch Defence: Miscellaneous and Modern Stonewall (with ...Bd6)} (8. O-O O-O 9. e3 Ne4 10. Ne2 Qe7 11. Nf4 b6 12. Nd3 Ba6 13. b3 Nd7 14. Bb2 Rac8 15. Re1 Rf6 16. Rc1 Rh6 17. Re2 {½-½ (65) Lodhi,M (2358)-Smerdon,D (2507) Istanbul 2012}) 8... Bxf4 9. gxf4 Ne4 10. Qc2 Nd7 11. e3 Ndf6 12. Ne5 Nxc3 $146 ({Predecessor:} 12... Qa5 13. O-O Nxc3 14. bxc3 O-O 15. c4 Be6 {½-½ (29) Hajek,J (2029)-Hybl,V (1813) Chrudim 2003}) 13. bxc3 Ng4 14. h3 Nxe5 15. fxe5 (15. dxe5 $14 Be6 16. Rb1) 15... f4 16. exf4 O-O 17. Qd2 Qh4 18. Qe3 Be6 19. Rb1 b6 20. Qg3 Qxf4 21. Qxf4 Rxf4 22. Rb2 Raf8 23. O-O g5 24. Re1 h5 25. Re3 Kg7 26. a4 Kg6 27. Bf1 h4 28. Bd3+ Kh6 29. a5 b5 30. Kg2 g4 31. hxg4 Rxg4+ 32. Kh2 Kg5 33. f3 $2 (33. Bf1 $15 Rgf4 34. Kg1) 33... Rg3 34. Be2 $2 (34. Rg2 Kf4 35. Re1) 34... Kf4 35. Rd3 Rfg8 $2 (35... Rh3+ 36. Kg2 Rg8+ 37. Kf2 Rh2+ 38. Ke1 Rg1+ 39. Kd2 h3) 36. Bf1 Bf5 37. Rdd2 (37. Rd1 $142) 37... Rxf3 38. Rf2 (38. Bg2 {is a better defense.} Rxc3 39. Rf2+ Kg5 40. Bf1) 38... Rgg3 39. Bg2 Rxf2 40. Rxf2+ Kg4 41. e6 Bxe6 42. Rf6 Re3 $11 (42... Bf5 $19 43. Rxc6 Be4 44. Bxe4 dxe4) 43. Rxe6 Rxe6 44. Bh3+ Kf4 45. Bxe6 Ke3 46. Bd7 Kd3 47. Bxc6 Kxc3 48. Bxb5 Kxd4 49. Kh3 Kc3 50. Be2 d4 51. Kxh4 d3 52. Bf3 Kb4 53. a6 Kb5 54. Kg3 Kxa6 55. Kf2 Kb5 56. Ke3 Kc4 57. Kd2 Kd4 58. Bc6 Ke5 1/2-1/2

[Event "LAT-ch Women 2017"]
[Site "Riga"]
[Date "2017.10.07"]
[Round "3"]
[White "Zalcmane, Vija"]
[Black "Sarnovska, Eira"]
[Result "0-1"]
[WhiteElo "1533"]
[BlackElo "1727"]
[Annotator "NA RC"]
[PlyCount "96"]
[EventDate "2017.??.??"]
[EventType "swiss"]
[EventCountry "LAT"]
[SourceTitle "playchess.com"]
[Source "ChessBase"]
[SourceQuality "1"]
[TimeControl "5400+30"]

1. c4 e5 2. Nc3 Nf6 3. g3 Bb4 4. Bg2 d6 5. Nf3 O-O 6. O-O Nc6 7. a3 Bxc3 8. bxc3 Be6 9. d3 h6 10. h3 Nh7 11. Rb1 Rb8 12. e3 f5 13. Nh2 Qd7 14. f4 Nf6 15. Nf3 Qf7 16. fxe5 dxe5 17. Nh4 Rfd8 18. Qe2 e4 19. Qf2 exd3 20. Nxf5 Bxf5 21. Qxf5 d2 22. Bxd2 Rxd2 23. Bxc6 Qxc4 24. Bxb7 Rbd8 25. Rbe1 Qxc3 26. Qg6 Rb2 27. Ba6 Rdd2 28. Rxf6 Rg2+ 29. Kf1 Qxf6+ 30. Qxf6 gxf6 31. Rc1 Rh2 32. Bc4+ Kf8 33. Bd5 Rbd2 34. Bb7 Ra2 35. Kg1 Rhb2 36. Be4 Rxa3 37. g4 Rxe3 38. Bf5 Rg3+ 39. Kf1 Rxh3 40. Kg1 Ra3 41. Kh1 a5 42. Kg1 a4 43. Bd7 c5 44. Kf1 c4 45. Ke1 c3 46. Bf5 Rh2 47. Be4 Raa2 48. Kd1 Rad2+ 0-1

[Event "LAT-ch Women 2017"]
[Site "Riga"]
[Date "2017.10.08"]
[Round "4"]
[White "Limanovska, Elizabete"]
[Black "Vainovska, Valentina"]
[Result "1-0"]
[ECO "B38"]
[WhiteElo "1972"]
[BlackElo "1676"]
[Annotator "NA RC"]
[PlyCount "71"]
[EventDate "2017.??.??"]
[EventType "swiss"]
[EventCountry "LAT"]
[SourceTitle "playchess.com"]
[Source "ChessBase"]
[SourceQuality "1"]
[TimeControl "5400+30"]

1. e4 c5 2. Nf3 Nc6 3. d4 cxd4 4. Nxd4 g6 5. c4 Bg7 6. Be3 Nf6 7. Nc3 d6 8. Be2 O-O 9. O-O Bd7 10. Rc1 Nxd4 11. Bxd4 Bc6 12. Qd3 a5 13. f4 Nd7 {[%emt 0:11:36] B38: Sicilian: Maroczy Bind with 5...Bg7 and 7...0-0} 14. Bxg7 Kxg7 {[%emt 0:00:06] LiveBook: 4 Games} 15. Kh1 Nc5 (15... Qb6 16. Qd2 Rad8 17. b3 Nf6 18. Bf3 Rfe8 19. Nd5 Bxd5 20. cxd5 e5 {0-1 (38) Djuric,S (2459)-Ni,H (2638) Dubai 2005}) 16. Qd4+ f6 17. e5 $146 ({Predecessor:} 17. Rcd1 Qb8 18. Nd5 e6 19. Nc3 e5 20. fxe5 fxe5 21. Rxf8 Kxf8 {1-0 (97) Garcia Padron,J (2385)-Bellon Lopez,J (2370) Santa Catalina 1987}) 17... Ne6 18. Qe3 dxe5 $1 19. fxe5 f5 (19... Qd4 $11 20. exf6+ Rxf6 21. Qxd4 Nxd4) 20. Rcd1 f4 21. Qf2 Qe8 22. Nd5 h5 23. Qh4 Rf5 (23... Rd8 $11 {remains equal.}) 24. Bd3 ({Not} 24. Nxf4 $2 Nxf4 25. Rxf4 g5 $19) ({Much weaker is} 24. Nxe7 $6 Bxg2+ 25. Kxg2 Rg5+ 26. Kh1 Qxe7 $11) 24... g5 $2 {[%emt 0:05:42] [#]} (24... Rg5 $14) 25. Qe1 (25. Qh3 $1 $18 {[%cal Rh3f5] is the precise move to win.} Rxe5 26. Bc2) 25... Rf7 $2 (25... Rf8 26. h4 (26. Qe4 Rh8 $16) 26... Qf7) 26. Qe4 Kf8 27. Qg6 Bxd5 28. cxd5 Nc5 29. Qxg5 Nxd3 30. Rxd3 Rc8 31. Qxh5 Rg7 32. Qh8+ Rg8 33. Rxf4+ Qf7 34. Rxf7+ Kxf7 35. Qh5+ Rg6 36. Qf5+ {[%emt 0:00:17] Ra8} 1-0

[Event "LAT-ch Women 2017"]
[Site "Riga"]
[Date "2017.10.08"]
[Round "4"]
[White "Parhomenko, Margarita"]
[Black "Lazdina, Ingrida"]
[Result "1/2-1/2"]
[ECO "D05"]
[WhiteElo "1919"]
[BlackElo "1937"]
[Annotator "NA"]
[PlyCount "34"]
[EventDate "2017.??.??"]
[EventType "swiss"]
[EventCountry "LAT"]
[SourceTitle "playchess.com"]
[Source "ChessBase"]
[SourceQuality "1"]
[TimeControl "5400+30"]

1. d4 d5 2. Nf3 Nf6 3. e3 e6 4. Bd3 Be7 5. O-O O-O 6. Nbd2 c5 7. c4 Nc6 8. dxc5 Bxc5 9. a3 {[%emt 0:00:53] LiveBook: 7 Games D30: Queen's Gambit Declined: Systems without Nc3} dxc4 10. Nxc4 b5 11. Nce5 Nxe5 12. Nxe5 Qd5 13. Qf3 $146 ({Predecessor:} 13. Nf3 Rd8 14. Be2 Qxd1 15. Rxd1 Rxd1+ 16. Bxd1 Bb7 17. b4 Be7 18. Bb2 Rc8 19. Nd4 a6 20. Rc1 {½-½ (20) Donchenko,A (2428)-Gyimesi,Z (2518) Tanta 2000}) 13... Qxf3 14. Nxf3 a6 15. Bd2 Bb7 16. Be2 Rac8 17. Ba5 Nd5 $11 1/2-1/2